[ AOE2 MATCH · #494520205 ]
UnrankedMongols vs Japanese
[ REPLAY ANALYSIS · EXTRACTED FROM THE RECORDED GAME ]
Feudal
13:06
Castle
17:55
Imperial
—
| APM avg | 37.5 |
| APM peak | 89 |
| eAPM avg | 14.8 |
| Villagers / military | 40 / 10 |
Focus
⚔️ 23.3% · 🌾 76.7%
Cavalry Archer ×10 · Fishing Ship ×4
Feudal
14:32
Castle
19:01
Imperial
—
| APM avg | 34.5 |
| APM peak | 74 |
| eAPM avg | 23.2 |
| Villagers / military | 38 / 0 |
Focus
⚔️ 31.9% · 🌾 68.1%
Fishing Ship ×11
Feudal
11:11
Castle
—
Imperial
—
| APM avg | 66.5 |
| APM peak | 108 |
| eAPM avg | 22.3 |
| Villagers / military | 40 / 12 |
Focus
⚔️ 35.7% · 🌾 64.3%
Scout Cavalry ×9 · Skirmisher ×3
Feudal
12:40
Castle
16:28
Imperial
—
| APM avg | 35.8 |
| APM peak | 86 |
| eAPM avg | 14.6 |
| Villagers / military | 29 / 6 |
Focus
⚔️ 20.6% · 🌾 79.4%
Spearman ×6
Feudal
12:12
Castle
—
Imperial
—
| APM avg | 49.4 |
| APM peak | 89 |
| eAPM avg | 14.5 |
| Villagers / military | 41 / 15 |
Focus
⚔️ 28.4% · 🌾 71.6%
Scout Cavalry ×15
Feudal
—
Castle
—
Imperial
—
| APM avg | 22.8 |
| APM peak | 50 |
| eAPM avg | 10.8 |
| Villagers / military | 27 / 0 |
Focus
⚔️ 22.4% · 🌾 77.6%
Feudal
13:25
Castle
17:17
Imperial
—
| APM avg | 23.1 |
| APM peak | 63 |
| eAPM avg | 13.4 |
| Villagers / military | 32 / 9 |
Focus
⚔️ 25.7% · 🌾 74.3%
Arambai ×9
Feudal
—
Castle
—
Imperial
—
| APM avg | 25.2 |
| APM peak | 44 |
| eAPM avg | 11.2 |
| Villagers / military | 29 / 0 |
Focus
⚔️ 24.8% · 🌾 75.2%
Match map
Initial resources + every placement click. Lines = walls · curves = elevation contours. ◆ gold · ⬟ stone · ● berries · ✦ relic · ◌ wall gap
Your base· Open — unwalled flank
Çıkmaz Sokak's base· Open — unwalled flank
Sein's base· Open — unwalled flank
Darealown's base· Open — unwalled flank
SKYRIM's base· Open — unwalled flank
MADAO's base· Open — unwalled flank
Rogue Knight's base· Open — 5t gap
Kou_Bs's base· Open — unwalled flank
Smoothed initial terrain · ◌ = detected wall gap · hover for details
Inputs per minute
— 尼爾 - - Çıkmaz Sokak
Build order — 尼爾
88 actions detected in the replay
| 0:17 | Build | Town Center |
| 2:04 | Build | House |
| 2:35 | Queue | Villager (Male) ×4 |
| 2:35 | Queue | Villager (Male) ×4 |
| 3:20 | Build | House |
| 3:24 | Queue | Villager (Male) |
| 3:25 | Queue | Villager (Male) |
| 4:12 | Queue | Villager (Male) |
| 4:13 | Queue | Villager (Male) |
| 4:21 | Build | Lumber Camp |
| 4:33 | Queue | Villager (Male) |
| 4:34 | Queue | Villager (Male) |
| 5:09 | Queue | Villager (Male) |
| 5:10 | Queue | Villager (Male) |
| 5:16 | Queue | Villager (Male) |
| 6:03 | Queue | Villager (Male) |
| 6:14 | Queue | Villager (Male) |
| 6:25 | Queue | Villager (Male) |
| 6:25 | Queue | Villager (Male) |
| 6:28 | Build | House |
| 6:57 | Build | House |
| 7:02 | Build | House |
| 7:10 | Build | House |
| 7:16 | Research | Loom |
| 7:24 | Build | House |
| 7:25 | Build | House |
| 7:44 | Queue | Villager (Male) |
| 7:45 | Queue | Villager (Male) |
| 7:45 | Queue | Villager (Male) |
| 7:52 | Build | Dock |
| 8:01 | Build | Mill |
| 8:30 | Queue | Fishing Ship |
| 8:30 | Queue | Fishing Ship |
| 8:51 | Queue | Villager (Male) |
| 8:52 | Queue | Villager (Male) |
| 8:56 | Queue | Villager (Male) |
| 9:36 | Build | Mill |
| 9:47 | Queue | Villager (Male) |
| 9:54 | Queue | Villager (Male) |
| 10:24 | Build | Mining Camp |
| 10:37 | Queue | Fishing Ship |
| 10:49 | Research | Feudal Age |
| 11:33 | Build | House |
| 11:43 | Queue | Villager (Male) |
| 11:44 | Queue | Villager (Male) |
| 11:58 | Queue | Villager (Male) |
| 12:20 | Build | Barracks |
| 12:54 | Queue | Villager (Male) |
| 13:06 | Age | Feudal Age |
| 13:10 | Build | Blacksmith |
| 13:48 | Build | Archery Range |
| 14:49 | Build | Archery Range |
| 15:15 | Research | Castle Age |
| 15:15 | Research | Castle Age |
| 15:38 | Build | House |
| 15:39 | Build | House |
| 16:00 | Research | Fletching |
| 16:00 | Research | Fletching |
| 16:24 | Research | Double-Bit Axe |
| 16:25 | Research | Double-Bit Axe |
| 17:07 | Research | Horse Collar |
| 17:12 | Build | Farm |
| 17:13 | Build | Farm |
| 17:15 | Build | Farm |
| 17:17 | Build | Farm |
| 17:23 | Queue | Villager (Male) |
| 17:26 | Queue | Villager (Male) |
| 17:55 | Age | Castle Age |
| 17:57 | Queue | Cavalry Archer |
| 17:57 | Queue | Cavalry Archer |
| 18:00 | Queue | Villager (Male) |
| 18:06 | Queue | Cavalry Archer |
| 18:06 | Queue | Cavalry Archer |
| 18:20 | Research | Bodkin Arrow |
| 18:27 | Queue | Fishing Ship |
| 18:32 | Queue | Villager (Male) |
| 18:34 | Queue | Cavalry Archer |
| 18:45 | Queue | Cavalry Archer |
| 19:23 | Queue | Cavalry Archer |
| 19:23 | Queue | Cavalry Archer |
| 19:23 | Queue | Villager (Male) |
| 19:24 | Queue | Villager (Male) |
| 19:36 | Queue | Cavalry Archer |
| 19:36 | Queue | Cavalry Archer |
| 19:39 | Queue | Villager (Male) |
| 20:00 | Build | House |
| 20:01 | Build | House |
| 20:06 | Research | Padded Archer Armor |
Build order — Çıkmaz Sokak
92 actions detected in the replay
| 0:14 | Build | Town Center |
| 2:24 | Queue | Villager (Male) |
| 2:24 | Queue | Villager (Male) |
| 2:24 | Queue | Villager (Male) |
| 2:26 | Build | House |
| 2:27 | Queue | Villager (Male) |
| 2:28 | Queue | Villager (Male) |
| 3:09 | Build | Lumber Camp |
| 3:22 | Queue | Villager (Male) |
| 3:22 | Queue | Villager (Male) |
| 3:41 | Build | Palisade Wall |
| 3:50 | Build | Palisade Wall |
| 4:11 | Queue | Villager (Male) |
| 4:11 | Queue | Villager (Male) |
| 4:28 | Build | House |
| 4:39 | Queue | Villager (Male) |
| 4:39 | Queue | Villager (Male) |
| 4:56 | Queue | Villager (Male) |
| 4:57 | Queue | Villager (Male) |
| 5:19 | Queue | Villager (Male) |
| 5:20 | Queue | Villager (Male) |
| 5:37 | Queue | Villager (Male) |
| 5:59 | Queue | Villager (Male) |
| 6:00 | Queue | Villager (Male) |
| 6:17 | Build | House |
| 6:21 | Queue | Villager (Male) |
| 6:56 | Build | Dock |
| 7:08 | Build | Lumber Camp |
| 7:26 | Queue | Villager (Male) |
| 7:26 | Queue | Villager (Male) |
| 7:33 | Build | House |
| 7:47 | Queue | Fishing Ship |
| 7:51 | Build | Palisade Wall |
| 7:56 | Queue | Villager (Male) |
| 8:17 | Queue | Fishing Ship |
| 8:33 | Queue | Villager (Male) |
| 8:33 | Queue | Villager (Male) |
| 8:41 | Queue | Fishing Ship |
| 9:04 | Build | Mill |
| 9:08 | Queue | Villager (Male) |
| 9:09 | Queue | Villager (Male) |
| 9:21 | Queue | Fishing Ship |
| 9:23 | Build | House |
| 9:27 | Queue | Villager (Male) |
| 9:45 | Queue | Villager (Male) |
| 10:02 | Queue | Fishing Ship |
| 10:03 | Build | House |
| 10:10 | Queue | Villager (Male) |
| 10:27 | Queue | Villager (Male) |
| 10:43 | Research | Loom |
| 10:45 | Queue | Fishing Ship |
| 10:50 | Build | Mining Camp |
| 11:24 | Queue | Villager (Male) |
| 11:26 | Build | House |
| 11:57 | Queue | Villager (Male) |
| 12:12 | Research | Feudal Age |
| 12:12 | Research | Feudal Age |
| 12:23 | Queue | Fishing Ship |
| 12:27 | Build | Mining Camp |
| 13:26 | Queue | Villager (Male) |
| 13:33 | Queue | Fishing Ship |
| 13:49 | Build | Lumber Camp |
| 14:32 | Age | Feudal Age |
| 14:34 | Queue | Villager (Male) |
| 14:37 | Build | Market |
| 14:38 | Build | Blacksmith |
| 14:41 | Build | Fish Trap |
| 14:42 | Build | Fish Trap |
| 14:44 | Build | Fish Trap |
| 14:51 | Build | Fish Trap |
| 15:04 | Queue | Villager (Male) |
| 15:21 | Build | Fish Trap |
| 15:25 | Queue | Fishing Ship |
| 16:00 | Build | House |
| 16:08 | Build | Fish Trap |
| 16:21 | Research | Castle Age |
| 16:22 | Research | Castle Age |
| 16:44 | Queue | Fishing Ship |
| 16:47 | Build | Fish Trap |
| 16:58 | Build | Fish Trap |
| 17:01 | Build | Fish Trap |
| 17:08 | Research | Double-Bit Axe |
| 17:24 | Queue | Villager (Male) |
| 17:54 | Build | Fish Trap |
| 18:03 | Research | Gold Mining |
| 18:14 | Queue | Fishing Ship |
| 18:15 | Research | Tech 906 |
| 18:58 | Build | Fish Trap |
| 19:01 | Age | Castle Age |
| 19:05 | Build | Castle |
| 19:11 | Queue | Villager (Male) |
| 19:38 | Queue | Villager (Male) |
Build order — Sein
72 actions detected in the replay
| 0:25 | Build | Town Center |
| 2:18 | Queue | Villager (Male) |
| 2:18 | Queue | Villager (Male) |
| 2:19 | Queue | Villager (Male) |
| 2:27 | Queue | Villager (Male) |
| 2:27 | Queue | Villager (Male) |
| 3:19 | Queue | Villager (Male) |
| 4:16 | Queue | Villager (Male) |
| 4:17 | Queue | Villager (Male) |
| 4:55 | Queue | Villager (Male) |
| 4:55 | Queue | Villager (Male) |
| 5:03 | Queue | Villager (Male) |
| 5:06 | Build | Lumber Camp |
| 5:47 | Queue | Villager (Male) |
| 5:47 | Queue | Villager (Male) |
| 5:58 | Queue | Villager (Male) |
| 6:27 | Queue | Villager (Male) |
| 7:33 | Build | Mill |
| 7:36 | Queue | Villager (Male) |
| 8:03 | Queue | Villager (Male) |
| 8:04 | Research | Loom |
| 8:24 | Queue | Villager (Male) |
| 9:01 | Research | Feudal Age |
| 9:25 | Build | Palisade Wall |
| 10:33 | Build | Barracks |
| 11:11 | Age | Feudal Age |
| 11:14 | Queue | Villager (Male) |
| 11:24 | Build | Stable |
| 11:31 | Queue | Villager (Male) |
| 12:08 | Queue | Villager (Male) |
| 12:10 | Queue | Scout Cavalry |
| 12:31 | Queue | Villager (Male) |
| 12:37 | Queue | Scout Cavalry |
| 12:51 | Build | Mining Camp |
| 12:54 | Queue | Villager (Male) |
| 13:05 | Queue | Scout Cavalry |
| 13:20 | Queue | Scout Cavalry |
| 13:26 | Queue | Villager (Male) |
| 13:54 | Queue | Villager (Male) |
| 13:56 | Queue | Villager (Male) |
| 14:02 | Queue | Villager (Male) |
| 14:18 | Queue | Scout Cavalry |
| 14:19 | Queue | Villager (Male) |
| 14:23 | Build | Blacksmith |
| 15:30 | Queue | Scout Cavalry |
| 15:41 | Queue | Villager (Male) |
| 15:49 | Queue | Villager (Male) |
| 16:00 | Queue | Villager (Male) |
| 16:03 | Queue | Villager (Male) |
| 16:13 | Queue | Villager (Male) |
| 16:44 | Queue | Villager (Male) |
| 17:04 | Queue | Scout Cavalry |
| 17:08 | Queue | Villager (Male) |
| 17:20 | Build | Mill |
| 17:25 | Queue | Scout Cavalry |
| 17:29 | Queue | Villager (Male) |
| 17:36 | Queue | Villager (Male) |
| 17:42 | Queue | Villager (Male) |
| 17:57 | Queue | Scout Cavalry |
| 18:29 | Build | Archery Range |
| 19:04 | Research | Castle Age |
| 19:20 | Queue | Villager (Male) |
| 19:28 | Queue | Skirmisher |
| 19:42 | Build | Archery Range |
| 19:45 | Research | Fletching |
| 19:53 | Build | Lumber Camp |
| 19:56 | Build | Stone Wall |
| 19:59 | Build | Stone Wall |
| 20:02 | Queue | Skirmisher |
| 20:17 | Build | Stone Wall |
| 20:21 | Queue | Skirmisher |
| 20:30 | Queue | Villager (Male) |
Build order — Darealown
64 actions detected in the replay
| 0:34 | Build | Town Center |
| 0:47 | Build | House |
| 2:59 | Research | Loom |
| 3:24 | Queue | Villager (Male) |
| 3:49 | Queue | Villager (Male) |
| 4:10 | Queue | Villager (Male) |
| 4:36 | Queue | Villager (Male) |
| 5:03 | Queue | Villager (Male) |
| 5:11 | Queue | Villager (Male) |
| 5:33 | Build | Lumber Camp |
| 5:37 | Queue | Villager (Male) |
| 6:00 | Queue | Villager (Male) |
| 6:34 | Queue | Villager (Male) |
| 7:06 | Queue | Villager (Male) |
| 7:24 | Queue | Villager (Male) |
| 7:39 | Build | House |
| 7:45 | Queue | Villager (Male) |
| 8:12 | Queue | Villager (Male) |
| 8:28 | Build | Mining Camp |
| 8:34 | Build | Mining Camp |
| 8:39 | Queue | Villager (Male) |
| 8:52 | Queue | Villager (Male) |
| 9:32 | Queue | Villager (Male) |
| 10:00 | Queue | Villager (Male) |
| 10:30 | Research | Feudal Age |
| 11:03 | Build | Mill |
| 11:37 | Queue | Villager (Male) |
| 11:37 | Queue | Villager (Male) |
| 12:40 | Age | Feudal Age |
| 12:43 | Build | Market |
| 12:45 | Build | Blacksmith |
| 13:45 | Queue | Villager (Male) |
| 13:48 | Research | Castle Age |
| 13:59 | Build | House |
| 14:00 | Build | House |
| 15:18 | Build | Barracks |
| 15:24 | Queue | Villager (Male) |
| 15:26 | Build | House |
| 15:30 | Build | Palisade Wall |
| 15:31 | Build | Palisade Wall |
| 15:32 | Build | Palisade Wall |
| 15:57 | Queue | Spearman |
| 16:05 | Build | Palisade Wall |
| 16:06 | Build | Palisade Wall |
| 16:08 | Build | Palisade Wall |
| 16:27 | Queue | Spearman |
| 16:28 | Age | Castle Age |
| 16:52 | Build | Town Center |
| 17:00 | Queue | Spearman |
| 17:26 | Build | House |
| 17:29 | Build | House |
| 17:35 | Queue | Villager (Male) |
| 17:43 | Queue | Villager (Male) |
| 17:48 | Queue | Villager (Male) |
| 18:09 | Queue | Villager (Male) |
| 18:10 | Queue | Spearman |
| 18:14 | Queue | Spearman |
| 18:16 | Queue | Villager (Male) |
| 18:17 | Queue | Villager (Male) |
| 18:25 | Queue | Villager (Male) |
| 18:30 | Queue | Spearman |
| 19:07 | Queue | Villager (Male) |
| 19:26 | Research | Horse Collar |
| 19:52 | Build | Town Center |
Build order — SKYRIM
99 actions detected in the replay
| 0:15 | Build | Town Center |
| 0:30 | Build | House |
| 2:33 | Queue | Villager (Male) ×4 |
| 2:33 | Queue | Villager (Male) ×4 |
| 3:47 | Queue | Villager (Male) |
| 4:42 | Queue | Villager (Male) |
| 4:43 | Queue | Villager (Male) |
| 4:43 | Queue | Villager (Male) |
| 4:51 | Build | House |
| 5:04 | Build | Lumber Camp |
| 5:12 | Queue | Villager (Male) |
| 5:12 | Queue | Villager (Male) |
| 5:36 | Queue | Villager (Male) |
| 5:36 | Queue | Villager (Male) |
| 6:14 | Build | House |
| 6:38 | Queue | Villager (Male) |
| 6:38 | Queue | Villager (Male) |
| 6:44 | Queue | Villager (Male) |
| 6:49 | Build | Palisade Wall |
| 6:54 | Queue | Villager (Male) |
| 6:54 | Queue | Villager (Male) |
| 7:54 | Queue | Villager (Male) |
| 8:14 | Queue | Villager (Male) |
| 8:15 | Queue | Villager (Male) |
| 8:21 | Queue | Villager (Male) |
| 8:22 | Queue | Villager (Male) |
| 8:24 | Research | Loom |
| 8:57 | Queue | Villager (Male) |
| 9:11 | Build | Mill |
| 9:21 | Queue | Villager (Male) |
| 10:02 | Research | Feudal Age |
| 10:03 | Research | Feudal Age |
| 10:23 | Queue | Villager (Male) |
| 10:30 | Build | House |
| 10:50 | Build | Barracks |
| 11:32 | Build | Palisade Wall |
| 11:34 | Build | Palisade Wall |
| 11:35 | Build | Palisade Wall |
| 11:36 | Build | Palisade Wall |
| 11:36 | Build | Palisade Wall |
| 11:38 | Build | Palisade Wall |
| 11:38 | Build | Palisade Wall |
| 12:12 | Age | Feudal Age |
| 12:16 | Build | Stable |
| 12:26 | Queue | Villager (Male) |
| 12:48 | Build | House |
| 12:49 | Build | Palisade Wall |
| 12:50 | Build | Palisade Wall |
| 12:51 | Build | Palisade Wall |
| 12:58 | Build | Palisade Gate |
| 13:02 | Queue | Villager (Male) |
| 13:07 | Queue | Scout Cavalry |
| 13:15 | Queue | Villager (Male) |
| 13:16 | Queue | Scout Cavalry |
| 13:31 | Build | Blacksmith |
| 13:36 | Queue | Villager (Male) |
| 13:45 | Research | Double-Bit Axe |
| 13:47 | Queue | Villager (Male) |
| 13:48 | Queue | Scout Cavalry |
| 14:12 | Queue | Scout Cavalry |
| 14:26 | Queue | Villager (Male) |
| 14:27 | Queue | Scout Cavalry |
| 14:35 | Build | House |
| 14:47 | Queue | Scout Cavalry |
| 14:59 | Build | House |
| 15:20 | Research | Scale Barding Armor |
| 15:48 | Queue | Scout Cavalry |
| 16:05 | Queue | Scout Cavalry |
| 16:21 | Build | Farm |
| 16:22 | Build | Farm |
| 16:22 | Build | Farm |
| 16:22 | Build | Farm |
| 16:23 | Build | Farm |
| 16:23 | Build | Farm |
| 16:23 | Build | Farm |
| 16:25 | Queue | Villager (Male) |
| 16:46 | Build | House |
| 16:48 | Build | Stable |
| 16:55 | Queue | Scout Cavalry |
| 17:09 | Queue | Scout Cavalry |
| 17:25 | Queue | Scout Cavalry |
| 17:37 | Queue | Scout Cavalry |
| 17:44 | Build | Farm |
| 17:44 | Build | Farm |
| 18:02 | Build | Farm |
| 18:03 | Queue | Villager (Male) |
| 18:03 | Queue | Villager (Male) |
| 18:06 | Build | House |
| 18:06 | Build | House |
| 18:21 | Queue | Scout Cavalry |
| 18:40 | Queue | Scout Cavalry |
| 18:45 | Build | Mining Camp |
| 19:03 | Queue | Scout Cavalry |
| 19:18 | Queue | Villager (Male) |
| 19:20 | Build | House |
| 19:24 | Build | Farm |
| 20:04 | Queue | Villager (Male) |
| 20:04 | Queue | Villager (Male) |
| 20:06 | Build | Farm |
Build order — MADAO
55 actions detected in the replay
| 0:19 | Build | Mill |
| 1:40 | Build | Town Center |
| 2:07 | Build | House |
| 2:35 | Build | House |
| 3:42 | Queue | Villager (Male) |
| 3:42 | Queue | Villager (Male) |
| 3:42 | Queue | Villager (Male) |
| 3:43 | Queue | Villager (Male) |
| 3:43 | Queue | Villager (Male) |
| 5:21 | Queue | Villager (Male) |
| 5:21 | Queue | Villager (Male) |
| 5:21 | Queue | Villager (Male) |
| 5:42 | Build | House |
| 6:10 | Build | House |
| 6:18 | Queue | Villager (Male) |
| 6:18 | Queue | Villager (Male) |
| 6:26 | Queue | Villager (Male) |
| 6:41 | Build | Palisade Wall |
| 7:12 | Queue | Villager (Male) |
| 7:22 | Build | Palisade Wall |
| 7:39 | Build | Palisade Wall |
| 7:42 | Build | Palisade Wall |
| 7:43 | Build | Palisade Wall |
| 8:01 | Queue | Villager (Male) |
| 8:17 | Queue | Villager (Male) |
| 8:36 | Queue | Villager (Male) |
| 9:29 | Queue | Villager (Male) |
| 10:23 | Build | Lumber Camp |
| 10:35 | Queue | Villager (Male) |
| 10:39 | Research | Loom |
| 10:39 | Research | Loom |
| 11:42 | Queue | Villager (Male) |
| 11:42 | Queue | Villager (Male) |
| 12:29 | Queue | Villager (Male) |
| 13:09 | Build | Lumber Camp |
| 13:54 | Research | Feudal Age |
| 14:05 | Build | Mining Camp |
| 15:07 | Build | Town Center |
| 16:35 | Queue | Villager (Male) |
| 16:36 | Queue | Villager (Male) |
| 16:45 | Queue | Villager (Male) |
| 17:32 | Queue | Villager (Male) |
| 18:04 | Build | Palisade Wall |
| 18:06 | Build | Palisade Wall |
| 18:08 | Build | Palisade Wall |
| 18:09 | Build | Palisade Wall |
| 18:11 | Build | Palisade Wall |
| 18:14 | Build | Palisade Wall |
| 18:15 | Build | Palisade Wall |
| 18:25 | Build | Mining Camp |
| 18:37 | Queue | Villager (Male) |
| 18:41 | Research | Feudal Age |
| 19:31 | Queue | Villager (Male) |
| 19:32 | Queue | Villager (Male) |
| 19:49 | Build | Lumber Camp |
Build order — Rogue Knight
67 actions detected in the replay
| 0:05 | Build | Town Center |
| 1:22 | Build | House |
| 2:18 | Queue | Villager (Male) |
| 2:19 | Queue | Villager (Male) |
| 2:19 | Queue | Villager (Male) |
| 2:19 | Queue | Villager (Male) |
| 2:19 | Queue | Villager (Male) |
| 3:26 | Build | House |
| 3:52 | Queue | Villager (Male) |
| 3:53 | Queue | Villager (Male) |
| 3:53 | Queue | Villager (Male) |
| 4:37 | Queue | Villager (Male) |
| 4:57 | Build | Lumber Camp |
| 5:14 | Queue | Villager (Male) |
| 5:14 | Queue | Villager (Male) |
| 5:14 | Queue | Villager (Male) |
| 5:15 | Queue | Villager (Male) |
| 5:28 | Queue | Villager (Male) |
| 6:20 | Queue | Villager (Male) |
| 6:24 | Build | House |
| 6:36 | Queue | Villager (Male) |
| 6:53 | Build | House |
| 7:21 | Queue | Villager (Male) |
| 7:33 | Queue | Villager (Male) |
| 8:06 | Queue | Villager (Male) |
| 8:14 | Build | House |
| 8:55 | Queue | Villager (Male) |
| 9:06 | Build | Mining Camp |
| 9:10 | Queue | Villager (Male) |
| 9:15 | Research | Loom |
| 9:53 | Queue | Villager (Male) |
| 9:53 | Queue | Villager (Male) |
| 10:25 | Build | Palisade Wall |
| 10:26 | Build | Palisade Wall |
| 10:34 | Build | Palisade Wall |
| 10:43 | Build | Palisade Wall |
| 10:44 | Build | Palisade Wall |
| 10:56 | Build | Mining Camp |
| 11:15 | Research | Feudal Age |
| 11:45 | Build | Palisade Wall |
| 11:46 | Build | Palisade Wall |
| 12:37 | Build | Mill |
| 13:03 | Queue | Villager (Male) |
| 13:03 | Queue | Villager (Male) |
| 13:25 | Age | Feudal Age |
| 13:28 | Build | Market |
| 13:44 | Build | Blacksmith |
| 14:37 | Research | Castle Age |
| 17:17 | Age | Castle Age |
| 17:31 | Queue | Villager (Male) |
| 17:32 | Queue | Villager (Male) |
| 17:46 | Build | Castle |
| 18:01 | Build | House |
| 18:31 | Queue | Villager (Male) |
| 18:39 | Queue | Arambai |
| 18:39 | Queue | Arambai |
| 18:39 | Queue | Arambai |
| 18:47 | Queue | Arambai |
| 18:47 | Queue | Arambai |
| 19:23 | Queue | Villager (Male) |
| 19:23 | Queue | Villager (Male) |
| 19:30 | Queue | Villager (Male) |
| 19:48 | Queue | Arambai |
| 19:49 | Queue | Arambai |
| 20:06 | Queue | Villager (Male) |
| 20:08 | Queue | Arambai |
| 20:08 | Queue | Arambai |
Build order — Kou_Bs
71 actions detected in the replay
| 1:24 | Build | Town Center |
| 1:32 | Build | House |
| 1:35 | Build | House |
| 3:22 | Build | House |
| 3:29 | Build | House |
| 3:36 | Queue | Villager (Male) |
| 3:36 | Queue | Villager (Male) |
| 3:36 | Queue | Villager (Male) |
| 3:37 | Queue | Villager (Male) |
| 3:52 | Queue | Villager (Male) |
| 3:53 | Queue | Villager (Male) |
| 4:26 | Queue | Villager (Male) |
| 5:14 | Build | Lumber Camp |
| 5:48 | Queue | Villager (Male) |
| 5:49 | Queue | Villager (Male) |
| 5:49 | Queue | Villager (Male) |
| 6:37 | Build | Mill |
| 6:40 | Queue | Villager (Male) |
| 6:58 | Queue | Villager (Male) |
| 6:58 | Queue | Villager (Male) |
| 7:23 | Build | House |
| 7:37 | Build | House |
| 7:43 | Queue | Villager (Male) |
| 7:43 | Queue | Villager (Male) |
| 7:47 | Research | Loom |
| 8:17 | Queue | Villager (Male) |
| 8:51 | Queue | Villager (Male) |
| 9:26 | Build | Town Center |
| 9:34 | Build | Palisade Wall |
| 9:35 | Build | Palisade Wall |
| 9:37 | Build | Palisade Wall |
| 9:39 | Build | Palisade Wall |
| 9:42 | Build | Palisade Wall |
| 9:43 | Build | Palisade Wall |
| 10:20 | Queue | Villager (Male) |
| 10:21 | Queue | Villager (Male) |
| 11:46 | Build | Palisade Gate |
| 12:01 | Queue | Villager (Male) |
| 12:02 | Queue | Villager (Male) |
| 12:37 | Queue | Villager (Male) |
| 12:38 | Queue | Villager (Male) |
| 12:52 | Build | Palisade Wall |
| 12:58 | Build | Palisade Wall |
| 13:06 | Build | Palisade Wall |
| 13:14 | Build | Palisade Wall |
| 13:20 | Queue | Villager (Male) |
| 14:03 | Queue | Villager (Male) |
| 14:04 | Queue | Villager (Male) |
| 14:30 | Build | House |
| 14:38 | Queue | Villager (Male) |
| 15:08 | Build | Palisade Gate |
| 15:24 | Build | Palisade Wall |
| 15:31 | Build | Palisade Wall |
| 15:46 | Queue | Villager (Male) |
| 16:29 | Build | Mill |
| 18:02 | Queue | Villager (Male) |
| 18:23 | Build | Farm |
| 18:23 | Build | Farm |
| 18:23 | Build | Farm |
| 18:23 | Build | Farm |
| 18:24 | Build | Farm |
| 18:40 | Build | Mill |
| 18:44 | Build | Mill |
| 18:54 | Build | Palisade Gate |
| 18:56 | Build | Palisade Wall |
| 19:02 | Build | Palisade Gate |
| 19:09 | Build | Palisade Gate |
| 19:13 | Build | Palisade Gate |
| 19:47 | Research | Feudal Age |
| 19:50 | Build | Farm |
| 20:11 | Build | Mining Camp |
Match timeline
| 3:41 | Çıkmaz Sokak · wall_segment Palisade Wall x1 |
| 3:50 | Çıkmaz Sokak · wall_segment Palisade Wall x1 |
| 6:41 | MADAO · wall_segment Palisade Wall x11 |
| 6:49 | SKYRIM · wall_segment Palisade Wall x1 |
| 6:56 | Çıkmaz Sokak · first_building Dock |
| 7:22 | MADAO · wall_segment Palisade Wall x1 |
| 7:39 | MADAO · wall_segment Palisade Wall x1 |
| 7:42 | MADAO · wall_segment Palisade Wall x1 |
| 7:43 | MADAO · wall_segment Palisade Wall x1 |
| 7:51 | Çıkmaz Sokak · wall_segment Palisade Wall x1 |
| 7:52 | 尼爾 · first_building Dock |
| 9:25 | Sein · wall_segment Palisade Wall x1 |
| 9:34 | Kou_Bs · wall_segment Palisade Wall x1 |
| 9:35 | Kou_Bs · wall_segment Palisade Wall x1 |
| 9:37 | Kou_Bs · wall_segment Palisade Wall x1 |
| 9:39 | Kou_Bs · wall_segment Palisade Wall x1 |
| 9:42 | Kou_Bs · wall_segment Palisade Wall x1 |
| 9:43 | Kou_Bs · wall_segment Palisade Wall x1 |
| 10:25 | Rogue Knight · wall_segment Palisade Wall x3 |
| 10:26 | Rogue Knight · wall_segment Palisade Wall x2 |
| 10:33 | Sein · first_building Barracks |
| 10:34 | Rogue Knight · wall_segment Palisade Wall x4 |
| 10:43 | Rogue Knight · wall_segment Palisade Wall x1 |
| 10:44 | Rogue Knight · wall_segment Palisade Wall x1 |
| 10:50 | SKYRIM · first_building Barracks |
| 11:11 | Sein · age_up feudal |
| 11:24 | Sein · first_building Stable |
| 11:32 | SKYRIM · wall_segment Palisade Wall x1 |
| 11:34 | SKYRIM · wall_segment Palisade Wall x1 |
| 11:35 | SKYRIM · wall_segment Palisade Wall x1 |
| 11:36 | SKYRIM · wall_segment Palisade Wall x1 |
| 11:36 | SKYRIM · wall_segment Palisade Wall x1 |
| 11:38 | SKYRIM · wall_segment Palisade Wall x1 |
| 11:38 | SKYRIM · wall_segment Palisade Wall x1 |
| 11:45 | Rogue Knight · wall_segment Palisade Wall x1 |
| 11:46 | Rogue Knight · wall_segment Palisade Wall x1 |
| 12:12 | SKYRIM · age_up feudal |
| 12:16 | SKYRIM · first_building Stable |
| 12:20 | 尼爾 · first_building Barracks |
| 12:40 | Darealown · age_up feudal |
| 12:49 | SKYRIM · wall_segment Palisade Wall x1 |
| 12:50 | SKYRIM · wall_segment Palisade Wall x1 |
| 12:51 | SKYRIM · wall_segment Palisade Wall x1 |
| 12:52 | Kou_Bs · wall_segment Palisade Wall x1 |
| 12:58 | Kou_Bs · wall_segment Palisade Wall x1 |
| 13:06 | Kou_Bs · wall_segment Palisade Wall x1 |
| 13:06 | 尼爾 · age_up feudal |
| 13:14 | Kou_Bs · wall_segment Palisade Wall x1 |
| 13:25 | Rogue Knight · age_up feudal |
| 13:48 | 尼爾 · first_building Archery Range |
| 14:32 | Çıkmaz Sokak · age_up feudal |
| 15:18 | Darealown · first_building Barracks |
| 15:24 | Kou_Bs · wall_segment Palisade Wall x1 |
| 15:27 | Çıkmaz Sokak · first_market_buy 100 food |
| 15:30 | Darealown · wall_segment Palisade Wall x1 |
| 15:31 | Kou_Bs · wall_segment Palisade Wall x1 |
| 15:31 | Darealown · wall_segment Palisade Wall x1 |
| 15:32 | Darealown · wall_segment Palisade Wall x1 |
| 15:47 | Çıkmaz Sokak · first_market_sell 100 stone |
| 16:05 | Darealown · wall_segment Palisade Wall x1 |
| 16:06 | Darealown · wall_segment Palisade Wall x1 |
| 16:08 | Darealown · wall_segment Palisade Wall x1 |
| 16:28 | Darealown · age_up castle |
| 16:39 | Darealown · first_market_sell 100 food |
| 16:41 | Darealown · first_market_buy 100 wood |
| 17:17 | Rogue Knight · age_up castle |
| 17:46 | Rogue Knight · first_building Castle |
| 17:55 | 尼爾 · age_up castle |
| 18:04 | MADAO · wall_segment Palisade Wall x1 |
| 18:06 | MADAO · wall_segment Palisade Wall x1 |
| 18:08 | MADAO · wall_segment Palisade Wall x1 |
| 18:09 | MADAO · wall_segment Palisade Wall x1 |
| 18:11 | MADAO · wall_segment Palisade Wall x1 |
| 18:14 | MADAO · wall_segment Palisade Wall x1 |
| 18:15 | MADAO · wall_segment Palisade Wall x1 |
| 18:29 | Sein · first_building Archery Range |
| 18:46 | Rogue Knight · first_market_buy 100 wood |
| 18:56 | Kou_Bs · wall_segment Palisade Wall x1 |
| 19:01 | Çıkmaz Sokak · age_up castle |
| 19:05 | Çıkmaz Sokak · first_building Castle |
| 19:49 | Çıkmaz Sokak · resign |
| 19:56 | Sein · wall_segment Stone Wall x7 |
| 19:59 | Sein · wall_segment Stone Wall x17 |
| 20:17 | Sein · wall_segment Stone Wall x1 |
[ AI ANALYSIS · 1 CREDIT ]
What really happened in this match?
Wolo.gg analyzes every decision: build order, eco, micro, common mistakes by bracket. Personalized analysis on WhatsApp or Discord in 30 seconds.
Civ guide
Mongols
Perfil
Jugador #326949